 Dungeon Crawl Stone Soup version 0.29.0-4-gdea44cf6ec (webtiles) character file.

Game seed: 11005353773274844558

786 Arum the Trooper (level 7, -1/46 HPs)
             Began as a Gargoyle Fighter on Aug 27, 2022.
             Was an Initiate of the Shining One.
             Killed by divine providence
             ... invoked by an orc priest
              (14 damage)
             ... on level 5 of the Dungeon.
             The game lasted 00:07:22 (4962 turns).

Arum the Trooper (Gargoyle Fighter)                 Turns: 4962, Time: 00:07:23

Health: -1/46      AC: 13    Str: 22    XL:     7   Next: 86%
Magic:  7/7        EV:  9    Int:  8    God:    the Shining One [......]
Gold:   81         SH:  5    Dex: 15    Spells: 6/6 levels left

rFire   . . .      SeeInvis .   a - +0 flail
rCold   . . .      Faith    .   c - +0 buckler
rNeg    + . .      Spirit   .   b - +0 scale mail
rPois   ∞          Reflect  .   (no helmet)
rElec   +          Harm     .   (no cloak)
rCorr   .          Rampage  .   t - +0 pair of gloves
Will    .....                   (no boots)
Stlth   ..........              (no amulet)
HPRegen 0.15/turn               v - +6 ring of dexterity
MPRegen 0.10/turn               (no ring)

@: glowing
A: sickness immunity, AC +4, negative energy resistance 1, electricity
resistance, torment resistance 1, petrification resistance
a: Renounce Religion


You were on level 5 of the Dungeon.
You worshipped the Shining One.
The Shining One was noncommittal.
You visited 1 branch of the dungeon, and saw 5 of its levels.

You collected 243 gold pieces.
You spent 162 gold pieces at shops.

Inventory:

Hand Weapons
 a - a +0 flail (weapon)
Armour
 b - a +0 scale mail (worn)
 c - a +0 buckler (worn)
 h - an orb of mayhem
 t - a +0 pair of gloves (worn)
Jewellery
 v - a +6 ring of dexterity (left hand)
Wands
 u - a wand of mindburst (10)
Scrolls
 e - a scroll of blinking {unknown}
 g - 5 scrolls of noise
 i - 2 scrolls of vulnerability {unknown}
 j - 3 scrolls of amnesia
 l - 2 scrolls of butterflies {unknown}
 m - a scroll of immolation {unknown}
 o - a scroll of magic mapping {unknown}
 r - 2 scrolls of enchant armour
 w - a scroll of teleportation
Potions
 d - a potion of might
 f - 6 potions of curing
 k - 2 potions of degeneration
 n - 3 potions of flight
 p - 2 potions of berserk rage
 q - a potion of lignification
 s - a potion of ambrosia


   Skills:
 + Level 6.3 Fighting
 + Level 5.2 Maces & Flails
 + Level 6.2 Armour
 - Level 3.2 Shields


You had 6 spell levels left.
You didn't know any spells.
Your spell library contained the following spells:

 Spells                   Type           Power      Damage    Failure   Level
 Freeze                   Ice            0%         1d3       80%         1
 Conjure Flame            Conj/Fire      0%         6-21      99%         3
 Frozen Ramparts          Ice            0%         1d1       99%         3
 Ignite Poison            Fire/Tmut/Pois 0%         N/A       99%         3
 Hailstorm                Conj/Ice       0%         3d3       100%        4
 Sticky Flame             Conj/Fire      0%         2d3       100%        4
 Fireball                 Conj/Fire      0%         3d3       100%        5
 Starburst                Conj/Fire      0%         6d3       100%        6
 Ignition                 Fire           0%         3d3       100%        8


Dungeon Overview and Level Annotations

Branches:
Dungeon (5/15)
 Temple: D:4-7

Altars:
Okawaru
The Shining One

Shops:
D:5 ?


Innate Abilities, Weirdness & Mutations

You are immune to sickness and miasma.
Your stone body is resilient. (AC +4)
You are immune to poison.
You resist negative energy. (rN+)
You are resistant to electric shocks. (rElec)
You are resistant to unholy torment.
You are immune to petrification.


Message History

The iguana barely misses you.
You hit the iguana.
The iguana is severely wounded.
You block the iguana's attack.
You barely miss the iguana.
The iguana is severely wounded.
You block the iguana's attack.
You sock the iguana!
You kill the iguana!
The orc priest calls down the wrath of Beogh upon you.
Beogh smites you!
* * * LOW HITPOINT WARNING * * *
The adder bites you but does no damage.
You are too injured to fight recklessly!
You are too injured to fight recklessly!
You are too injured to fight recklessly!
You are too injured to fight recklessly!
You are too injured to fight recklessly!
You are too injured to fight recklessly!
You are too injured to fight recklessly!
You are too injured to fight recklessly!
You are too injured to fight recklessly!
You are too injured to fight recklessly!
You are too injured to fight recklessly!
You are too injured to fight recklessly!
You are too injured to fight recklessly!
You are too injured to fight recklessly!
You are too injured to fight recklessly!
You are too injured to fight recklessly!
You hit the adder.
The adder is lightly wounded.
An ogre comes into view. It is wielding a +0 giant club.
The adder closely misses you.
You hit the adder.
The adder is moderately wounded.
The adder bites you but does no damage. x2
The sentinel's mark upon you fades away.
The orc priest invokes the aid of Beogh against you.
Beogh smites you!
You die...

#. #. ##.####### #........#
# #......#.##.##.
#.#....)......
#....##.##.##. ######....=#
#@.Sooo.#### ######O## # #
#...# #.#. #...# #.#. #.S.#
##...#######...#####
#......#...o.......# ..
#.#................... #.
###.#..#.#...........##.##.


You could see an ogre, 2 orc priests, an adder and an orc.

Vanquished Creatures
  Grinder (D:3)
  Sigmund (D:2)
  3 scorpions
  A hound (D:4)
  An orc priest (D:5)
  2 iguanas
  6 adders
  A shadow imp (D:5)
  2 worms
  A dart slug (D:2)
  8 orcs
  4 bats
  6 endoplasms
  4 giant cockroaches
  9 goblins
  5 hobgoblins
  4 quokkas
  5 ball pythons
  2 frilled lizards
  13 kobolds
  5 rats
84 creatures vanquished.

Notes
Turn   | Place    | Note
-------+----------+-------------------------------------------
     0 | D:1      | Arum the Gargoyle Fighter began the quest for the Orb.
     0 | D:1      | Reached XP level 1. HP: 14/14 MP: 1/1
   405 | D:1      | Reached XP level 2. HP: 19/19 MP: 2/2
  1002 | D:1      | Found a faded altar of an unknown god.
  1045 | D:1      | Reached XP level 3. HP: 23/24 MP: 3/3
  1952 | D:2      | Noticed Sigmund
  1968 | D:2      | Killed Sigmund
  1969 | D:2      | Reached XP level 4. HP: 11/30 MP: 4/4
  1969 | D:2      | Reached XP level 5. HP: 12/34 MP: 5/5
  2728 | D:3      | Reached XP level 6. HP: 40/40 MP: 6/6
  2732 | D:3      | Found a glowing golden altar of the Shining One.
  2741 | D:3      | Became a worshipper of the Shining One
  3114 | D:3      | Found an iron altar of Okawaru.
  3252 | D:3      | Reached skill level 5 in Fighting
  3252 | D:3      | Reached skill level 5 in Armour
  3486 | D:4      | Noticed Grinder
  3757 | D:3      | Paralysed by Grinder for 5 turns
  3776 | D:3      | Paralysed by Grinder for 3 turns
  3796 | D:3      | Paralysed by Grinder for 2 turns
  3807 | D:3      | Killed Grinder
  3808 | D:3      | Reached XP level 7. HP: 21/44 MP: 7/7
  4722 | D:5      | Entered Level 5 of the Dungeon
  4734 | D:5      | Reached skill level 5 in Maces & Flails
  4791 | D:5      | Found Ughitz's Magic Scroll Shoppe.
  4810 | D:5      | Bought a scroll of enchant armour for 90 gold pieces
  4810 | D:5      | Bought a scroll of noise for 12 gold pieces
  4810 | D:5      | Bought a scroll of teleportation for 36 gold pieces
  4810 | D:5      | Bought a scroll of identify for 24 gold pieces
  4962 | D:5      | Killed from afar by an orc priest

Illustrated notes

Levels and vault maps discovered:
D:1:      dpeg_arrival_stone_temple_mockup, layout_loops_corners,
          ebering_ecumenical_altar_webs, st_stairs_8
D:2:      minmay_diamond_boxcup, layout_loops_ring, uniq_sigmund
D:3:      layout_loops_corners, lemuel_tele_altar,
          nicolae_overflow_crystal_walls
D:4:      layout_gridville, st_stairs_11, kennysheep_generic_room_5,
          uniq_grinder
D:5:      minmay_spotlight, layout_loops_cross, serial_shops, shop_scrolls

Skill      XL: |  1  2  3  4  5  6  7 |
---------------+----------------------+-----
Armour         | 4 5 6 |  6.2
Fighting       | 4 5 6 |  6.3
Maces & Flails | 3 4 5 |  5.2
Shields        | |  3.2

Action                   |  1- 3 |  4- 6 |  7- 9 || total
-------------------------+-------+-------+-------++-------
Melee: Flail             |   129 |   111 |   114 ||   354
  Use: Potion            |       |     3 |       ||     3
       Scroll            |       |       |     6 ||     6
Armor: Scale mail        |    83 |    63 |    57 ||   203
Dodge: Dodged            |    68 |    54 |    52 ||   174
Block: Buckler           |    13 |    21 |    25 ||    59
